 Dungeon Crawl Stone Soup version 0.27-a0-760-gc38aae387d (webtiles) character file.

Game seed: 5744627858087431689

153 harkrass the Covered (level 5, -3/46 HPs)
             Began as a Minotaur Fighter on Mar 25, 2021.
             Engulfed by a steam dragon's steam (11 damage)
             ... on level 6 of the Dungeon.
             The game lasted 00:01:13 (2182 turns).

harkrass the Covered (Minotaur Fighter)             Turns: 2182, Time: 00:01:14

Health: -3/46      AC:  7    Str: 22    XL:     5   Next: 12%
Magic:  4/4        EV:  8    Int:  5    God:
Gold:   79         SH:  9    Dex:  9    Spells: 4/4 levels left

rFire    . . .     SeeInvis .   a - +0 flail
rCold    . . .     Faith    .   c - +0 kite shield
rNeg     . . .     Spirit   .   b - +0 scale mail
rPois    .         Reflect  .   (helmet restricted)
rElec    .         Harm     .   (no cloak)
rCorr    .         Rampage  .   (no gloves)
Will     .....                  (no boots)
Stlth    ..........             (no amulet)
HPRegen  0.15/turn              (no ring)
MPRegen  0.09/turn              (no ring)

@: no status effects
A: horns 2, retaliatory headbutt
a: no special abilities


You were on level 6 of the Dungeon.
You visited 1 branch of the dungeon, and saw 4 of its levels.

You collected 79 gold pieces.

Inventory:

Hand Weapons
 a - a +0 flail (weapon)
Armour
 b - a +0 scale mail (worn)
 c - a +0 kite shield (worn)
Wands
 k - a wand of charming (7)
 l - a wand of flame (6)
Scrolls
 f - 2 scrolls of amnesia {unknown}
 i - a scroll of holy word {unknown}
 j - a scroll of vulnerability {unknown}
 m - a scroll of brand weapon {unknown}
 o - a scroll of magic mapping {unknown}
Potions
 d - a potion of might
 e - 2 potions of brilliance {unknown}
 g - a potion of curing {unknown}
 h - a potion of lignification {unknown}
 n - a potion of flight {unknown}


   Skills:
 + Level 4.2 Fighting
 + Level 3.8 Maces & Flails
 + Level 4.8 Armour
 + Level 1.0 Dodging
 + Level 4.7 Shields


You had 4 spell levels left.
You didn't know any spells.
Your spell library contained the following spells:

 Spells                   Type           Power      Damage    Failure   Level
 Foxfire                  Conj/Fire      0%         2x1d4     99%         1
 Magic Dart               Conj           0%         1d3       99%         1
 Blink                    Tloc           N/A        N/A       100%        2
 Call Imp                 Summ           0%         N/A       100%        2
 Passwall                 Tmut/Erth      0%         N/A       100%        2
 Slow                     Hex            0%         N/A       100%        2
 Conjure Flame            Conj/Fire      0%         6-21      100%        3
 Mephitic Cloud           Conj/Pois/Air  0%         N/A       100%        3
 Stone Arrow              Conj/Erth      0%         3d7       100%        3
 Lee's Rapid Deconstruct  Erth           0%         3d5*      100%        5
 Iron Shot                Conj/Erth      0%         9d1       100%        6


Dungeon Overview and Level Annotations

Branches:
Dungeon (3/15)

Altars:
Makhleb
Nemelex Xobeh
Qazlal
Sif Muna
Uskayaw
Wu Jian


Innate Abilities, Weirdness & Mutations

You have a pair of horns on your head.
You reflexively headbutt those who attack you in melee.


Message History

There is a stone staircase leading down here.
You now have 79 gold pieces (gained 20).
There is a stone staircase leading down here.
You see here 14 stones.
A frilled lizard comes into view.
The frilled lizard hisses angrily.
A frilled lizard is nearby!
A ball python comes into view.
The ball python hisses angrily.
You hear an angry hiss.
Found a dagger.
You fall into a shaft and drop 3 floors!
The shaft crumbles and collapses.
A centaur comes into view.
The centaur shouts!
You hear a shout!
The centaur wields a +0 shortbow.
The centaur shoots an arrow.
The arrow closely misses you.
The centaur shoots an arrow.
You block the arrow.
A steam dragon comes into view.
The centaur shoots an arrow.
You block the arrow.
The centaur shoots an arrow.
The arrow barely misses you. The steam dragon breathes steam at you.
The ball of steam hits you!
You sock the steam dragon!
The steam dragon is moderately wounded.
You are engulfed in a cloud of scalding steam.
The steam dragon bites you but does no damage.
The steam dragon claws you but does no damage.
You sock the steam dragon! Your headbutt misses the steam dragon.
The steam dragon is severely wounded.
You are engulfed in a cloud of scalding steam.
* * * LOW HITPOINT WARNING * * *
You hear a shout!
The steam dragon barely misses you. The steam dragon claws you.
* * * LOW HITPOINT WARNING * * *
The steam dragon bites you.
* * * LOW HITPOINT WARNING * * *
The steam dragon barely misses you.
You are too injured to fight recklessly!
You are engulfed in a cloud of scalding steam.
You die...

## #.#
#.#
#.#####
#..§.#
##.#.#
##§## #
##@##
#§##
#D##
...
.....
##....
#....
#....
#....


You could see a steam dragon (catching breath).

Vanquished Creatures
  Natasha (thrice) (D:2)
  2 adders (D:3)
  3 orcs (D:3)
  4 ball pythons (D:2)
  3 bats
  5 endoplasms
  4 giant cockroaches
  4 goblins
  6 hobgoblins
  8 jackals
  A quokka (D:3)
  4 frilled lizards
  3 kobolds
  6 rats
56 creatures vanquished.

Notes
Turn   | Place    | Note
-------+----------+-------------------------------------------
     0 | D:1      | harkrass the Minotaur Fighter began the quest for the Orb.
     0 | D:1      | Reached XP level 1. HP: 19/19 MP: 0/0
    88 | D:1      | Reached XP level 2. HP: 19/27 MP: 1/1
   752 | D:1      | Found a sparkling altar of Nemelex Xobeh.
   862 | D:2      | Reached XP level 3. HP: 33/33 MP: 2/2
   960 | D:2      | Noticed Natasha
   966 | D:2      | Killed Natasha
  1276 | D:2      | Identified the Reference Book on Fiery Earth
  1320 | D:2      | Noticed Natasha
  1327 | D:2      | Killed Natasha
  1328 | D:2      | Reached XP level 4. HP: 38/40 MP: 3/3
  1350 | D:2      | Noticed Natasha
  1357 | D:2      | Killed Natasha
  1836 | D:3      | Found a shimmering blue altar of Sif Muna.
  1864 | D:3      | Reached XP level 5. HP: 43/46 MP: 4/4
  1945 | D:3      | Reached skill level 1 in Dodging
  2034 | D:3      | Found a burning altar of Makhleb.
  2039 | D:3      | Found a hide-covered altar of Uskayaw.
  2040 | D:3      | Found an ornate altar of the Wu Jian Council.
  2141 | D:3      | Found a stormy altar of Qazlal.
  2175 | D:3      | You fall into a shaft and drop 3 floors!
  2175 | D:6      | Noticed a centaur
  2177 | D:6      | Noticed a steam dragon
  2182 | D:6      | Engulfed by a steam dragon's steam

Illustrated notes

Levels and vault maps discovered:
D:1:      scummos_arrival_star, layout_rooms, nemelex_diamond_rough_becter
D:2:      layout_basic, nicolae_overflow_hidden_temple, uniq_natasha
D:3:      layout_loops_ring, general_overflow_altar,
          nicolae_sif_muna_little_library, minitemple, lemuel_doored_altar,
          serial_shops, shop, uniq_jessica
D:6:      layout_loops_cross, minmay_small_thing

Skill      XL: |  1  2  3  4  5 |
---------------+----------------+-----
Shields        | 4 |  4.7
Armour         | 4 |  4.8
Fighting       | 4 |  4.2
Maces & Flails | 3 |  3.8
Dodging        | 1 |  1.0

Action                   |  1- 3 |  4- 6 || total
-------------------------+-------+-------++-------
Melee: Flail             |    77 |    38 ||   115
       Headbutt          |    11 |     8 ||    19
Armor: Scale mail        |    37 |    21 ||    58
Dodge: Dodged            |    28 |    23 ||    51
Block: Kite shield       |    43 |    24 ||    67

Table legend: (Time is in decaauts)
 A = Elapsed time spent in this place.
 B = Non-inter-level travel time spent in this place.
 C = Inter-level travel time spent in this place.
 D = Time resting spent in this place.
 E = Time spent auto-exploring this place.
 F = Levels seen in this place.
 G = Mean time per level.
                   A        B        C        D        E       F      G
               +--------+--------+--------+--------+--------+-----+--------+
         Total |   2235 |   2178 |     57 |      0 |   1882 |   4 |  558.8 |
       Dungeon |   2235 |   2178 |     57 |      0 |   1882 |   4 |  558.8 |
               +--------+--------+--------+--------+--------+-----+--------+

Top non-repeatable levels by time:
     D:2: 1057 daAuts
     D:1: 805 daAuts
     D:3: 365 daAuts
     D:6: 7 daAuts
